 Dungeon Crawl Stone Soup version 0.28.0-45-g0d030f2227 (webtiles) character file.

Game seed: 16710293128275054359

175 RepoMan the Conjurer (level 5, 0/31 HPs)
             Began as an Octopode Conjurer on Apr 9, 2022.
             Succumbed to an adder's poison
             ... in a sewer.
             The game lasted 00:09:57 (3102 turns).

RepoMan the Conjurer (Octopode Conjurer)            Turns: 3102, Time: 00:09:58

Health: 0/31       AC:  1    Str:  7    XL:     5   Next: 55%
Magic:  5/8        EV: 10    Int: 22    God:
Gold:   86         SH:  0    Dex: 10    Spells: 5/8 levels left

rFire   . . .      SeeInvis .   f - +3 spear (flame)
rCold   + . .      Faith    .   (no shield)
rNeg    . . .      Spirit   .   i - +0 hat
rPois   .          Reflect  .   (no amulet)
rElec   .          Harm     .   c - ring of flight
rCorr   .          Rampage  .   k - ring of protection from cold
Will    .....                   (no ring)
Stlth   ++++......              (no ring)
HPRegen 0.10/turn               (no ring)
MPRegen 0.11/turn               (no ring)
                                (no ring)
                                (no ring)

@: lethally poisoned (0 -> -1), flying, constricted
A: almost no armour, amphibious, 8 rings, camouflage 1, gelatinous body 1,
nimble swimmer 1, tentacles
a: no special abilities


You were in a sewer.
You visited 1 branch of the dungeon, and saw 3 of its levels.
You also visited: Sewer.

You collected 86 gold pieces.

Inventory:

Hand Weapons
 f - a +3 spear of flaming (weapon)
Missiles
 e - 3 poisoned darts
Armour
 i - a +0 hat (worn)
Jewellery
 c - a ring of flight (left tentacle)
 k - a ring of protection from cold (right tentacle)
Scrolls
 h - a scroll of noise {unknown}
 j - a scroll of holy word {unknown}
 n - a scroll of blinking {unknown}
 o - a scroll of fear {unknown}
 p - a scroll of teleportation {unknown}
Potions
 b - a potion of might {unknown}
 d - a potion of resistance {unknown}
 l - a potion of flight
 m - a potion of haste {unknown}
 q - a potion of invisibility {unknown}


   Skills:
 - Level 2.0 Dodging
 - Level 2.6 Stealth
 - Level 2.0 Spellcasting
 * Level 6.6 Conjurations


You had 5 spell levels left.
You knew the following spells:

 Your Spells              Type           Power      Damage    Failure   Level
q - Magic Dart            Conj           100%       1d8       1%          1
r - Searing Ray           Conj           62%        2d6       1%          2

Your spell library contained the following spells:

 Spells                   Type           Power      Damage    Failure   Level
 Dazzling Flash           Conj/Hex       32%        N/A       11%         3
 Fulminant Prism          Conj/Hex       8%         3d7       34%         4
 Iskenderun's Mystic Bla  Conj/Tloc      16%        2d5       34%         4


Dungeon Overview and Level Annotations

Branches:
Dungeon (3/15)              Sewer (1/1)

Altars:


Innate Abilities, Weirdness & Mutations

You cannot wear most types of armour.
You are amphibious.
You can wear up to eight rings at the same time.
Your skin changes colour to match your surroundings (Stealth+).
Your rubbery body absorbs attacks. (AC +1, EV +1)
You are camouflaged when in or above water. (Stealth+)
You have tentacles for arms and can constrict up to eight enemies at once.


Message History

Unknown command.
Okay, then.
Okay, then.
As you read the scroll labelled IDDECSAQYP, it crumbles to dust.
It is a scroll of enchant weapon.
Your +2 spear of flaming glows red for a moment.
The bullfrog hits you. The ball python misses you.
The ball python barely misses you. The adder barely misses you.
You closely miss the adder. Your grab misses the adder.
The bullfrog closely misses you. The adder bites you.
You are poisoned.
The adder poisons you! The ball python bites you. The ball python misses you.
The bullfrog hits you!
Unknown command.
You barely miss the adder. Your grab misses the adder.
You feel sick. The bullfrog hits you. The adder completely misses you.
The ball python bites you. The ball python grabs you.
The ball python constricts you. The bullfrog hits you.
* * * LOW HITPOINT WARNING * * *
The adder closely misses you.
Unknown command.
It was a potion of flight.
You feel more buoyant.
You feel sick.
The ball python bites you but does no damage.
The ball python constricts you.
* * * LOW HITPOINT WARNING * * *
The bullfrog barely misses you. The adder bites you.
* * * LOW HITPOINT WARNING * * *
The ball python closely misses you. The ball python constricts you.
* * * LOW HITPOINT WARNING * * *
Unknown command.
Okay, then.
Unknown command.
It was a potion of lignification.
You turn into a tree.
Your +0 hat melds into your body.
Your roots penetrate the ground.
You quickly transform back into your natural form.
You feel less wooden.
Your +0 hat unmelds from your body.
You die...

▒▒▒.▒≈≈≈≈≈≈≈≈≈▒≈≈≈≈≈▒.....
▒▒▒▒▒▒▒▒▒▒▒▒▒▒▒▒▒▒▒▒....
▒▒... ▒▒▒▒▒.. ▒..'...
▒..▒... ▒▒▒▒...
▒▒▒▒▒▒▒▒▒▒▒▒▒▒▒▒▒▒▒▒†...
..†≈≈FS@≈≈≈≈≈≈≈≈≈≈......
..≈≈≈lFS≈≈≈≈≈≈≈≈≈≈≈..†.▒
...▒≈≈≈≈≈≈≈≈≈≈≈≈≈≈.....▒
...≈≈≈≈≈≈≈≈▒≈≈≈≈≈≈≈....▒
..≈≈≈≈≈▒≈..≈≈≈≈≈≈≈≈...▒▒
..▒≈≈≈≈≈≈≈≈≈≈≈≈≈≈≈..▒▒▒ ▒
▒▒▒▒▒▒▒▒▒▒▒▒▒▒▒▒▒▒▒


You could see 2 bullfrogs, an adder, a ball python and a frilled lizard.

Vanquished Creatures
  4 adders
  5 river rats (Sewer)
  4 dart slugs
  5 bats
  7 endoplasms
  4 giant cockroaches
  5 goblins
  7 hobgoblins
  4 jackals (D:1)
  5 quokkas
  11 ball pythons
  2 frilled lizards (Sewer)
  5 kobolds
  20 rats
88 creatures vanquished.

Notes
Turn   | Place    | Note
-------+----------+-------------------------------------------
     0 | D:1      | RepoMan the Octopode Conjurer began the quest for the Orb.
     0 | D:1      | Reached XP level 1. HP: 11/11 MP: 3/3
   190 | D:1      | Reached XP level 2. HP: 17/17 MP: 0/5
   193 | D:1      | Learned a level 2 spell: Searing Ray
   257 | D:1      | Found a faded altar of an unknown god.
   660 | D:1      | Reached XP level 3. HP: 21/21 MP: 4/6
   885 | D:1      | Reached skill level 5 in Conjurations
  1772 | D:2      | Reached XP level 4. HP: 27/27 MP: 2/7
  2027 | D:3      | Identified the +1 robe of Sharp Satisfaction {-Cast rPois
                  | Str+6}
  2171 | D:3      | Found a glowing drain.
  2240 | Sewer    | Entered a sewer
  2293 | Sewer    | Reached skill level 6 in Conjurations
  2707 | Sewer    | Reached XP level 5. HP: 31/31 MP: 3/8
  3101 | Sewer    | HP: 1/31 [constriction (1)]
  3102 | Sewer    | Succumbed to an adder's poison

Illustrated notes

Levels and vault maps discovered:
D:1:      minmay_arrival_shattered_statue, layout_basic,
          hellmonk_ecumenical_altar_inner_sanctum
D:2:      layout_rooms, serial_corexii_hall, chequers_hall_statues_wall_a,
          corexii_hall_statues_u, corexii_hall_statues_l, corexii_hall_statues_t
D:3:      layout_rooms, ebering_ghost_disaster_area, gup_sewer_entry_pipe,
          uniq_grinder, uniq_sigmund
Sewer:    sewer_minmay_w

Skill      XL: |  1  2  3  4 |
---------------+-------------+-----
Conjurations   | 5 6 |  6.6
Dodging        | |  2.0
Stealth        | |  2.6
Spellcasting   | |  2.0

Action                   |  1- 3 |  4- 6 || total
-------------------------+-------+-------++-------
Melee: Unarmed           |    11 |       ||    11
       Constrict         |     4 |     3 ||     7
       Tentacles         |     4 |     1 ||     5
       Spear             |       |    14 ||    14
 Cast: Magic Dart        |    70 |    77 ||   147
       Searing Ray       |       |     2 ||     2
  Use: Potion            |       |     2 ||     2
       Scroll            |       |     1 ||     1
 Stab: Sleeping          |     1 |       ||     1
Armor: Skin              |     4 |     1 ||     5
Dodge: Dodged            |     9 |    40 ||    49
